Map: Habitation Station LE (Void)

Players

Musumeci - Winner!

  • Race: Zerg Zerg
  • League: Diamond
  • Spawn Location: 1:00

NackterZeus

  • Race: Terran Terran
  • League: Diamond
  • Spawn Location: 11:00

VOD

Have the link to the VOD?

Description

Time

  • Played on: Jan. 17, 2017, 3:46 p.m.
  • Length: 10:43
Show
View Real Time Build Order
Export as new Build Order

Musumeci Zerg - Winner!

Build Orders: Hatch First 

Get SALT Encoding   

  12  0:01  Drone  
  13  0:08  Drone  
  14  0:17  Drone, Extractor  
  15  0:41  Hatchery  
  14  0:45  Drone, Extractor  
  15  1:04  Spawning Pool  
  14  1:11  Extractor  
  14  1:12  Drone  
  14  1:13  Drone, Extractor  
  14  1:17  Overlord  
  16  1:36  Drone x2  
  18  1:44  Drone  
  19  1:52  Queen  
  19  1:53  Queen  
  23  1:54  Drone  
  23  1:57  Drone  
  25  2:03  Overlord  
  25  2:06  Drone  
  26  2:15  Drone  
  27  2:18  Drone  
  27  2:19  Extractor  
  27  2:27  Queen  
  31  2:34  Overlord  
  31  2:40  Extractor  
  31  2:43  Drone x2  
  31  2:44  Drone  
  34  2:48  Drone  
  33  2:51  Drone  
  33  2:52  Extractor  
  34  3:00  Drone  
  34  3:01  Drone x3  
  38  3:07  Queen  
  40  3:15  Drone x4  
  44  3:24  Hatchery  
  44  3:25  Extractor  
  44  3:26  Extractor  
  41  3:28  Roach Warren  
  40  3:45  Drone  
  40  3:46  Drone x2  
  40  3:47  Drone  
  44  3:55  Evolution Chamber x2  
  42  3:59  Drone x2, Overlord  
  44  4:03  Overlord  
  44  4:18  Roach x4  
  52  4:26  Drone x2  
  52  4:27  Drone x2  
  52  4:29  Lair  
  58  4:31  Roach  
  58  4:33  Extractor  
  58  4:35  Drone x3  
  60  4:44  Spore Crawler  
  59  4:47  Spore Crawler  
  59  4:49  Spore Crawler  
  59  4:51  Spore Crawler  
  59  4:52  Drone x2  
  58  4:53  Drone, Extractor  
  58  4:54  Drone x3  
  58  4:56  Overlord x2  
  61  5:07  Zerg Missile Weapons Level 1  
  61  5:15  Zerg Ground Armor Level 1  
  61  5:16  Roach  
  61  5:17  Roach  
  61  5:19  Roach  
  61  5:20  Overlord  
  67  5:42  Roach x3, Spore Crawler  
  75  5:43  Roach x2  
  76  5:59  Drone x2, Spore Crawler  
  76  6:00  Glial Reconstitution, Drone  
  76  6:27  Drone  
  76  6:28  Drone x11  
  88  6:36  Ravager x2  
  90  6:53  Overlord  
  90  6:54  Overlord x3, Extractor  
  90  6:55  Extractor  
  90  6:56  Ravager x2  
  90  7:12  Ravager  
  90  7:13  Drone x2, Ravager x3  
  90  7:14  Drone x3  
  90  7:15  Drone x3  
  101  7:16  Drone  
  101  7:17  Roach x2  
  101  7:22  Drone x2  
  109  7:23  Drone, Zerg Missile Weapons Level 2  
  109  7:24  Zerg Ground Armor Level 2  
  109  7:27  Overlord  
  109  7:28  Overlord  
  106  8:09  Ravager x2  
  106  8:10  Ravager x4  
  106  8:11  Roach  
  106  8:12  Roach x12  
  138  8:26  Hatchery  
  131  8:57  Roach x3  
  131  9:23  Roach x3  
  137  9:26  Ravager  
  137  9:28  Overlord x6  
  138  9:47  Ravager x14  
  138  9:49  Roach  
  138  9:50  Roach x13  
  138  9:51  Roach  
  182  9:56  Extractor  
  182  9:58  Infestation Pit  
  182  9:59  Extractor  
  170  10:08  Drone x6  
  170  10:09  Drone x4  
  182  10:16  Roach x5  
Show
View Real Time Build Order
Export as new Build Order

NackterZeus Terran 

Build Orders: Reaper Expand, MMM Bio 

Get SALT Encoding   

  12  0:00  SCV  
  13  0:13  SCV  
  14  0:17  Supply Depot  
  14  0:25  SCV  
  15  0:40  SCV, Barracks  
  16  0:44  Refinery  
  16  0:53  SCV  
  17  1:05  SCV  
  18  1:18  SCV  
  19  1:28  Reaper  
  19  1:30  Orbital Command  
  20  1:43  Command Center  
  20  1:54  Barracks  
  20  1:58  SCV  
  21  2:02  Barracks Reactor  
  21  2:07  Refinery  
  21  2:13  Supply Depot  
  21  2:24  SCV  
  21  2:29  Factory  
  22  2:36  SCV  
  23  2:38  Marine x2  
  23  2:43  Barracks Tech Lab  
  25  2:49  SCV  
  26  2:56  Orbital Command  
  26  2:59  Marine  
  26  3:00  Marine  
  28  3:08  Stimpack  
  28  3:09  SCV  
  29  3:18  Starport  
  29  3:22  Marine x2  
  29  3:26  Marine  
  32  3:29  SCV  
  32  3:33  Factory Reactor  
  32  3:36  SCV  
  32  3:41  SCV  
  34  3:48  Marine x2  
  34  3:49  Marine  
  34  3:50  Supply Depot  
  34  3:51  SCV  
  38  3:57  SCV  
  39  4:03  Supply Depot  
  39  4:05  SCV  
  39  4:09  Marine x3  
  43  4:15  Supply Depot  
  43  4:17  Medivac x2  
  43  4:18  Widow Mine  
  49  4:27  Engineering Bay  
  49  4:29  Marine x3  
  52  4:34  SCV x2  
  52  4:38  Armory  
  54  4:40  Refinery  
  54  4:46  SCV  
  55  4:56  Terran Infantry Weapons Level 1  
  55  4:57  Marine x3  
  58  5:00  Engineering Bay  
  58  5:04  SCV x2  
  60  5:11  Hellion x2  
  60  5:12  Medivac  
  66  5:17  SCV, Supply Depot  
  66  5:18  Supply Depot  
  67  5:21  Marine  
  68  5:38  Marine x2  
  70  5:46  Liberator  
  70  5:48  Factory Tech Lab  
  70  5:50  Marine  
  70  5:56  Marine x2  
  72  5:57  Command Center  
  72  6:00  Terran Infantry Armor Level 1  
  75  6:07  Marine  
  75  6:14  Marine x2  
  77  6:23  SCV x2  
  72  6:27  Siege Tank  
  72  6:31  Refinery  
  75  6:34  Marine  
  75  6:35  SCV x2  
  75  6:36  Combat Shields  
  75  6:37  Barracks x2  
  78  6:40  Marine  
  71  6:48  Marine  
  70  6:56  Marine  
  70  6:58  SCV x2  
  73  7:02  Terran Infantry Weapons Level 2  
  73  7:05  Marine  
  73  7:06  Marine  
  75  7:10  SCV x2  
  75  7:13  Orbital Command  
  77  7:17  Siege Tank  
  77  7:18  Medivac  
  82  7:28  Supply Depot  
  82  7:29  Medivac  
  84  7:31  Supply Depot  
  84  7:33  Barracks Reactor  
  84  7:38  SCV x2  
  84  7:42  Orbital Command  
  86  7:50  Marine x2  
  88  7:51  Barracks Reactor, Liberator  
  88  7:52  SCV x2  
  90  8:00  Supply Depot  
  90  8:02  Supply Depot  
  90  8:04  SCV x2  
  92  8:05  Marine  
  92  8:07  Marine  
  94  8:14  SCV  
  94  8:16  SCV x2  
  94  8:18  Siege Tank  
  100  8:23  Marine x2  
  100  8:24  Marauder  
  100  8:26  SCV  
  103  8:29  SCV x2  
  101  8:44  Marine x4  
  101  8:45  Marauder  
  102  8:50  Siege Tank  
  102  8:54  Marine x2  
  107  8:57  Command Center  
  107  9:06  Marauder  
  102  9:13  Marine x4  
  102  9:16  Orbital Command  
  101  9:17  SCV x2  
  101  9:22  Siege Tank  
  101  9:24  Medivac x2  
  108  9:28  Marauder  
  108  9:29  SCV x2  
  114  9:31  Marine x4  
  118  9:39  Marine x2  
  118  9:41  SCV x2  
  118  9:44  SCV  
  123  9:49  Marauder  
  125  9:54  SCV  
  125  9:55  Marine x4  
  130  10:00  Barracks  
  130  10:05  Marine x2  
  112  10:12  Marine  
  112  10:13  Marine  
  114  10:19  Marine x3  
  117  10:23  Marine  
Tags
 
Add a new tag
Caveats
  • Supply blocks, unpowered buildings, or Contaminate may cause inaccurate times.
  • Supply counts are checked every 10 seconds.